 Dungeon Crawl Stone Soup version 0.32-a0-876-gcfddb08e57 (webtiles) character file.

Game seed: 15773369696818380212

350 Armakuni the Twirler (level 6, -3/46 HPs)
             Began as a Human Artificer on Apr 1, 2024.
             Slain by an unseen horror (4 damage)
             ... on level 4 of the Dungeon.
             The game lasted 00:07:28 (2932 turns).

Armakuni the Twirler (Human Artificer)              Turns: 2932, Time: 00:07:29

Health: -3/46      AC:  3    Str: 14    XL:     6   Next: 61%
Magic:  15/15      EV: 10    Int: 11    God:
Gold:   200        SH:  0    Dex: 14    Spells: 5/5 levels left

rFire   . . .        a - +0 quarterstaff
rCold   + . .        (shield currently unavailable)
rNeg    . . .        q - +0 leather armour {rC+}
rPois   .            (no helmet)
rElec   .            (no cloak)
rCorr   .            (no gloves)
SInv    .            (no boots)
Will    .....        (no amulet)
Stlth   +            L - ring of flight
HPRegen 0.27/turn    P - ring of magical power
MPRegen 0.14/turn

%: no passive effects
@: flying, hasted, very quick
A: explore regen
a: no special abilities


You were on level 4 of the Dungeon.
You visited 1 branch of the dungeon, and saw 5 of its levels.

You collected 200 gold pieces.

Inventory:

Hand Weapons
 a - a +0 quarterstaff (weapon)
 f - a +0 dagger of venom
Missiles
 g - a throwing net
Armour
 n - a +0 ring mail
 q - a +0 leather armour of cold resistance (worn)
 s - a +0 plate armour
Jewellery
 J - the ring "Roel" {Ice Fly}
   (You found it on level 3 of the Dungeon)

   [ring of ice]

   Ice:       It enhances your ice magic.
   rF-:       It makes you vulnerable to fire.
   rC+:       It protects you from cold.
   Fly:       It grants you flight.
 L - a ring of flight (left hand)
 P - a ring of magical power (right hand)
 W - a ring of wizardry
Wands
 c - a wand of charming (14)
 j - a wand of iceblast (4)
 v - a wand of flame (4) (quivered)
 w - a wand of digging (6)
Scrolls
 i - a scroll of blinking
 k - a scroll of revelation
 p - a scroll of vulnerability
 r - a scroll of silence
 u - a scroll of teleportation
Potions
 b - a potion of berserk rage {unknown}
 d - a potion of lignification
 e - a potion of might {unknown}
 h - a potion of enlightenment {unknown}
 l - 2 potions of curing {unknown}
 m - 4 potions of haste
 o - a potion of cancellation {unknown}
 t - a potion of experience {unknown}


   Skills:
 + Level 2.5 Fighting
 - Level 5.0 Staves
 - Level 2.0 Armour
 - Level 1.0 Dodging
 - Level 1.0 Stealth
 - Level 4.3 Evocations


You had 5 spell levels left.
You didn't know any spells.
Your spell library contained the following spells:

 Spells                   Type           Power      Damage    Failure   Level
 Passwall                 Erth           0%         N/A       78%         3
 Volatile Blastmotes      Fire/Tloc      0%         2d10      78%         3
 Vhi's Electric Charge    Tloc/Air       0%         N/A       99%         4
 Bombard                  Conj/Erth      0%         9d1       100%        6


Dungeon Overview and Level Annotations

Branches:
Dungeon (5/15)
 Temple: D:4-7

Altars:
Okawaru
Qazlal
Sif Muna
Trog
Uskayaw
Wu Jian
Yredelemnul


Innate Abilities, Weirdness & Mutations

You regain HP and MP as you explore.


Message History

Orders for allies: a - Attack new target. p - Attack previous target. r - Retreat! s - Stop attacking. g - Guard the area. f - Follow me.
Anything else - Cancel.
Gang up on whom?
Press: ? - help, Dir - move target, f - orc, p - orc priest
Aim: an orc, wielding a +0 hand axe and wearing a +0 leather armour Attack!
Something hits you.
Deactivating autopickup; reactivate with Ctrl-A.
Something hits you.
The orc hits your orc priest with a +0 hand axe.
An orc comes into view. It is wielding a +0 flail.
You closely miss something. Something hits you.
Something hits you but does no damage. Something hits you.
The orc barely misses your orc priest.
The orc hits your orc priest with a +0 hand axe.
Your orc priest mumbles some strange prayers to Beogh against the orc.
The orc writhes in agony!
The orc dies!
You barely miss something. Something hits you.
The orc hits your orc priest with a +0 flail.
Your orc priest barely misses the orc.
Something hits you.
The orc hits your orc priest with a +0 flail!
Your orc priest dies!
You fly upwards.
Reactivating autopickup.
There is a stone staircase leading down here.
Something hits you but does no damage.
Deactivating autopickup; reactivate with Ctrl-A.
Something hits you. Something hits you!
* * * LOW HITPOINT WARNING * * *
There is a stone staircase leading down here.
You see here a hobgoblin skeleton.
It was a potion of haste.
You feel yourself speed up. Something hits you!
* * * LOW HITPOINT WARNING * * *
Something hits you.
You die...

...........#....)..#### ###.####
..#####.##.#.....#))÷.####.......
.##...####.##.......)......##.##.
##((~≈.###....##.####.....###..#.
##≈≈≈..######.##..>...###..###...
.[.[.._###....##..)...# ##.###...
##≈≈≈..##.##..........####.......
##([~≈.##..#.....>...............
.##...####......@......#..#######
..#########....#[.........# #
.....#..# #.....#........##
.....##.###...............#
.....##.....).....####..#.####
.....####....................####
.......#....###.....#...##.......
.....#.#..####........#######....
.....#...### #.......## #....


There were no monsters in sight!

Vanquished Creatures
  An ice beast (D:4)
  An ogre (D:4)
  A hound (D:4)
  An iguana (D:4)
  4 adders
  A ribbon worm (D:2)
  3 orcs (D:2)
  4 ball pythons
  5 endoplasms
  2 giant cockroaches
  9 goblins
  4 hobgoblins (D:4)
  7 jackals
  A quokka (D:1)
  6 bats
  3 frilled lizards
  10 kobolds
  6 rats
69 creatures vanquished.

Vanquished Creatures (collateral kills)
  An orc (D:5)
1 creature vanquished.

Vanquished Creatures (others)
  An orc priest (D:5)
1 creature vanquished.

Grand Total: 71 creatures vanquished

Notes
Turn   | Place    | Note
-------+----------+-------------------------------------------
     0 | D:1      | Armakuni the Human Artificer began the quest for the Orb.
     0 | D:1      | Reached XP level 1. HP: 15/15 MP: 1/1
   158 | D:1      | Reached XP level 2. HP: 21/21 MP: 2/2
   833 | D:2      | Reached XP level 3. HP: 26/26 MP: 3/3
  1537 | D:2      | Reached skill level 1 in Staves
  1796 | D:3      | Found a shimmering blue altar of Sif Muna.
  1809 | D:3      | Identified the ring "Roel" {Ice Fly}
  1859 | D:3      | Found a stormy altar of Qazlal.
  1875 | D:3      | Reached XP level 4. HP: 26/32 MP: 4/4
  1920 | D:3      | Reached skill level 2 in Staves
  2112 | D:3      | Found a basalt altar of Yredelemnul.
  2112 | D:3      | Found a hide-covered altar of Uskayaw.
  2221 | D:3      | Found an ornate altar of the Wu Jian Council.
  2370 | D:4      | Noticed an ice beast
  2382 | D:4      | Killed an ice beast
  2383 | D:4      | Reached skill level 4 in Staves
  2383 | D:4      | Reached XP level 5. HP: 13/37 MP: 5/5
  2405 | D:4      | Found an iron altar of Okawaru.
  2614 | D:4      | Noticed an ogre
  2623 | D:4      | Killed an ogre
  2624 | D:4      | Reached skill level 5 in Staves
  2624 | D:4      | Reached XP level 6. HP: 44/44 MP: 6/6
  2767 | D:4      | Found a bloodstained altar of Trog.
  2921 | D:5      | Entered Level 5 of the Dungeon
  2932 | D:4      | HP: 1/46 [something (8)]
  2932 | D:4      | Slain by an unseen horror

Illustrated notes

Levels and vault maps discovered:
D:1:      eino_arrival_cavern_d, layout_loops_cross
D:2:      layout_loops_cross, guppyfry_early_lair_pool
D:3:      layout_rooms, mainiacjoe_overflow_boulevard,
          nicolae_overflow_hidden_temple, old_standard_altar,
          amethyst_overflow_temple_binary, patterned_corridor
D:4:      layout_rooms, mainiacjoe_overflow_brackets, trog_hazing_becter
D:5:      lemuel_insect_pit, layout_cave_pools, zin_scriptorium,
          nicolae_tso_swordbearing_angel, fedhas_altar_decomposition,
          serial_column_ruins, column_ruins_grid_1, column_ruins_open_small,
          column_ruins_corridor_straight

Skill      XL: |  1  2  3  4  5  6 |
---------------+-------------------+-----
Evocations     | 4 |  4.3
Staves         | 1 4 5 |  5.0
Fighting       | 2 |  2.5
Armour         | |  2.0
Dodging        | |  1.0
Stealth        | |  1.0

Action                     |  1- 3 |  4- 6 || total
---------------------------+-------+-------++-------
  Melee: Club              |   146 |       ||   146
         Quarterstaff      |    61 |    79 ||   140
  Evoke: Wand              |     1 |    12 ||    13
    Use: Potion            |     1 |     1 ||     2
         Scroll            |       |     6 ||     6
   Stab: Sleeping          |     4 |     1 ||     5
 Armour: Leather armour    |   129 |    87 ||   216
         Ring mail         |    19 |       ||    19
         Skin              |    10 |       ||    10
  Dodge: Dodged            |   142 |    68 ||   210

Table legend: (Time is in decaauts)
 A = Elapsed time spent in this place.
 B = Non-inter-level travel time spent in this place.
 C = Inter-level travel time spent in this place.
 D = Time resting spent in this place.
 E = Time spent auto-exploring this place.
 F = Levels seen in this place.
 G = Mean time per level.
                   A        B        C        D        E       F      G
               +--------+--------+--------+--------+--------+-----+--------+
         Total |   2999 |   2895 |    104 |     88 |   1804 |   5 |  599.8 |
       Dungeon |   2999 |   2895 |    104 |     88 |   1804 |   5 |  599.8 |
               +--------+--------+--------+--------+--------+-----+--------+

Top non-repeatable levels by time:
     D:2: 936 daAuts
     D:1: 830 daAuts
     D:3: 619 daAuts
     D:4: 607 daAuts
     D:5: 6 daAuts
